 Dungeon Crawl Stone Soup version 0.27-a0-1099-g7f87ac42b0 (webtiles) character file.

Game seed: 12919419667324950757

298 DarkShadow the Slasher (level 6, -6/53 HPs)
             Began as a Minotaur Fighter on Apr 28, 2021.
             Was an Initiate of Gozag.
             Mangled by an ogre
             ... wielding a +0 giant club
              (24 damage)
             ... on level 4 of the Dungeon.
             The game lasted 00:05:42 (3534 turns).

DarkShadow the Slasher (Minotaur Fighter)           Turns: 3534, Time: 00:05:42

Health: -6/53      AC:  9    Str: 23    XL:     6   Next: 13%
Magic:  5/5        EV:  6    Int:  5    God:    Gozag
Gold:   128        SH: 10    Dex:  9    Spells: 5/5 levels left

rFire    . . .     SeeInvis .   a - +0 long sword
rCold    . . .     Faith    .   c - +0 kite shield
rNeg     . . .     Spirit   .   l - +0 chain mail
rPois    .         Reflect  .   (helmet restricted)
rElec    .         Harm     .   (no cloak)
rCorr    .         Rampage  .   (no gloves)
Will     .....                  (no boots)
Stlth    ..........             (no amulet)
HPRegen  0.17/turn              (no ring)
MPRegen  0.09/turn              (no ring)

@: gold aura
A: horns 2, retaliatory headbutt
a: Renounce Religion, Potion Petition, Call Merchant, Bribe Branch


You were on level 4 of the Dungeon.
You worshipped Gozag.
Gozag was aware of your devotion.
You visited 2 branches of the dungeon, and saw 5 of its levels.

You collected 180 gold pieces.
You paid 52 gold pieces to Gozag.

Inventory:

Hand Weapons
 a - a +0 long sword (weapon)
Missiles
 r - 2 throwing nets (quivered)
Armour
 b - a +0 scale mail
 c - a +0 kite shield (worn)
 l - a +0 chain mail (worn)
Wands
 s - a wand of paralysis (5)
Scrolls
 g - 2 scrolls of vulnerability
 k - a scroll of fog
Potions
 d - 2 potions of might
 e - 2 potions of mutation {unknown}
 f - 2 potions of curing
 j - 2 potions of heal wounds
 m - 2 potions of flight {unknown}
 q - a potion of attraction


   Skills:
 + Level 4.4 Fighting
 + Level 5.4 Long Blades
 + Level 5.1 Armour
 + Level 5.0 Shields


You had 5 spell levels left.
You didn't know any spells.
Your spell library contained the following spells:

 Spells                   Type           Power      Damage    Failure   Level
 Beastly Appendage        Tmut           0%         N/A       100%        1
 Magic Dart               Conj           0%         1d3       100%        1
 Blink                    Tloc           N/A        N/A       100%        2
 Call Imp                 Summ           0%         N/A       100%        2
 Slow                     Hex            0%         N/A       100%        2
 Wereblood                Tmut           0%         N/A       100%        2
 Conjure Flame            Conj/Fire      0%         6-21      100%        3
 Mephitic Cloud           Conj/Pois/Air  0%         N/A       100%        3
 Spider Form              Tmut/Pois      0%         N/A       100%        3
 Ice Form                 Ice/Tmut       0%         N/A       100%        4
 Hydra Form               Tmut           0%         N/A       100%        5


Dungeon Overview and Level Annotations

Branches:
Dungeon (4/15)             Temple (1/1) D:4

Altars:
Cheibriados
Fedhas
Gozag
Hepliaklqana
Okawaru
Qazlal
Sif Muna
Uskayaw
Wu Jian
Xom
Zin
The Shining One


Innate Abilities, Weirdness & Mutations

You have a pair of horns on your head.
You reflexively headbutt those who attack you in melee.


Message History

The giant cockroach is no longer distracted by gold.
The ogre is no longer distracted by gold.
You block the giant cockroach's attack. You block the ogre's attack.
You see here 3 gold pieces.
You hit the ogre.
The ogre is lightly wounded.
The giant cockroach bites you but does no damage.
The giant cockroach barely misses you. The ogre hits you with a +0 giant club!
You hit the ogre.
You headbutt the ogre, but do no damage.
The ogre is moderately wounded.
The giant cockroach bites you but does no damage.
The ogre hits you with a +0 giant club!!
You are too injured to fight recklessly!
You are too injured to fight recklessly!
You are too injured to fight recklessly!
You are too injured to fight recklessly!
You are too injured to fight recklessly!
You are too injured to fight recklessly!
You are too injured to fight recklessly!
You are too injured to fight recklessly!
You are too injured to fight recklessly!
You are too injured to fight recklessly!
You are too injured to fight recklessly!
You are too injured to fight recklessly!
You are too injured to fight recklessly!
You are too injured to fight recklessly!
You are too injured to fight recklessly!
You are too injured to fight recklessly!
You are too injured to fight recklessly!
You are too injured to fight recklessly!
You are too injured to fight recklessly!
You are too injured to fight recklessly!
You are too injured to fight recklessly!
You barely miss the ogre. You headbutt the ogre.
The ogre is heavily wounded.
You block the giant cockroach's attack. x2
The ogre hits you with a +0 giant club!!
You die...
Your body crumbles into a pile of gold.

....<.....##+##+
...##.....# #.
.8........+ ..#
⌠.........# ####.
#.. .8........#
#<#.. #.#
⌠....######
#...###:# .8...#
#..#.#.#
...##########..#OB#
...............#@#
####.########..$##
#.# #.....#.# #.#
#.##..#..# #.#
###.#...#...#
#.###...###..###..
####..............
.##
#........########.#
# #.......## .#


You could see an ogre and a giant cockroach.

Vanquished Creatures
  A necrophage (D:4)
  An orc wizard (D:3)
  A hound skeleton (D:4)
  5 gnolls
  4 adders (D:2)
  2 worms
  4 dart slugs
  13 orcs
  5 bats
  2 endoplasms
  3 giant cockroaches
  3 goblins (D:1)
  7 hobgoblins
  9 kobolds
  A quokka (D:4)
  2 ball pythons (D:1)
  4 frilled lizards
  8 rats
75 creatures vanquished.

Notes
Turn   | Place    | Note
-------+----------+-------------------------------------------
     0 | D:1      | DarkShadow the Minotaur Fighter began the quest for the
                  | Orb.
     0 | D:1      | Reached XP level 1. HP: 19/19 MP: 0/0
   129 | D:1      | Reached XP level 2. HP: 27/27 MP: 1/1
   499 | D:1      | Found a faded altar of an unknown god.
   997 | D:2      | Reached XP level 3. HP: 33/33 MP: 2/2
  1635 | D:2      | Reached XP level 4. HP: 40/40 MP: 3/3
  2275 | D:3      | Reached XP level 5. HP: 28/46 MP: 4/4
  3076 | D:4      | Found a staircase to the Ecumenical Temple.
  3115 | D:4      | Noticed a necrophage
  3116 | Temple   | Entered the Ecumenical Temple
  3158 | Temple   | Became a worshipper of Gozag Ym Sagoz the Greedy
  3348 | D:4      | Killed a necrophage
  3349 | D:4      | Reached skill level 5 in Long Blades
  3349 | D:4      | Reached skill level 5 in Armour
  3349 | D:4      | Reached skill level 5 in Shields
  3349 | D:4      | Reached XP level 6. HP: 32/53 MP: 5/5
  3534 | D:4      | Mangled by an ogre

Illustrated notes

Levels and vault maps discovered:
D:1:      arrival_zaba_pyramid, layout_loops_ring,
          shapermc_ecumenical_altar_mp_ritualfount, kennysheep_small_spiral,
          serial_park_tiny_pond, minmay_misc_feat_chi, minmay_misc_feat_pillars
D:2:      layout_basic
D:3:      layout_basic
D:4:      layout_basic, lemuel_crystal_altar,
          minmay_temple_entry_statues_fountains, nicolae_ossuary_entry_giza,
          grunt_ministairs_9, minmay_manual_mail
Temple:   minmay_temple_bridge_abc

Skill      XL: |  1  2  3  4  5 |
---------------+----------------+-----
Shields        | 4 5 |  5.0
Armour         | 4 5 |  5.1
Long Blades    | 3 4 5 |  5.4
Fighting       | 4 |  4.4

Action                   |  1- 3 |  4- 6 || total
-------------------------+-------+-------++-------
Melee: Long sword        |    80 |   123 ||   203
       Headbutt          |    10 |    22 ||    32
  Use: Scroll            |       |     9 ||     9
Armor: Scale mail        |    16 |       ||    16
       Chain mail        |    27 |    67 ||    94
Dodge: Dodged            |    22 |    40 ||    62
Block: Kite shield       |    45 |    75 ||   120
       Rpst.: Long sword |     3 |     8 ||    11

Table legend: (Time is in decaauts)
 A = Elapsed time spent in this place.
 B = Non-inter-level travel time spent in this place.
 C = Inter-level travel time spent in this place.
 D = Time resting spent in this place.
 E = Time spent auto-exploring this place.
 F = Levels seen in this place.
 G = Mean time per level.
                   A        B        C        D        E       F      G
               +--------+--------+--------+--------+--------+-----+--------+
         Total |   3619 |   3619 |      0 |    328 |   2574 |   5 |  723.8 |
       Dungeon |   3400 |   3400 |      0 |    185 |   2552 |   4 |  850.0 |
        Temple |    218 |    218 |      0 |    143 |     22 |   1 |  218.0 |
               +--------+--------+--------+--------+--------+-----+--------+

Top non-repeatable levels by time:
     D:3: 1198 daAuts
     D:2: 1029 daAuts
     D:1: 923 daAuts
     D:4: 249 daAuts
  Temple: 218 daAuts
